 Dungeon Crawl Stone Soup version 0.25-a0-35-g747a2b3c0c (webtiles) character file.

Game seed: 14618264770713516536, levelgen mode: deterministic

145 Arixos the Skirmisher (level 5, -2/42 HPs)
             Began as a Demonspawn Monk on Oct 19, 2019.
             Killed from afar by an orc wizard (6 damage)
             ... with a magic dart
             ... on level 3 of the Dungeon.
             The game lasted 00:09:14 (2645 turns).

Arixos the Skirmisher (Demonspawn Monk)             Turns: 2645, Time: 00:09:15

Health: -2/42      AC:  4    Str: 16    XL:     5   Next: 6%
Magic:  5/5        EV: 14    Int: 16    God:
Gold:   103        SH:  0    Dex: 15    Spells: 4/4 levels left

rFire    . . .     SeeInvis .   f - +0 spear
rCold    + . .     Gourm    .   (no shield)
rNeg     . . .     Faith    .   k - +0 robe {rC+}
rPois    .         Spirit   .   (helmet restricted)
rElec    .         Reflect  .   (no cloak)
rCorr    .         Harm     .   (no gloves)
MR       .....     Clarity  +   m - +1 pair of boots
Stlth    ++........             (no amulet)
HPRegen  0.14/turn              (no ring)
MPRegen  0.09/turn              (no ring)

@: mighty, brilliant, flying
A: antennae 1, clarity, powered by pain 2, weak 1
a: no special abilities


You were on level 3 of the Dungeon.
You were not hungry.

You visited 1 branch of the dungeon, and saw 3 of its levels.

You collected 103 gold pieces.

Inventory:

Hand Weapons
 f - a +0 spear (weapon)
Missiles
 r - 16 poisoned darts (quivered)
Armour
 a - a +0 robe
 k - a +0 robe of cold resistance (worn)
 m - a +1 pair of boots (worn)
Jewellery
 o - an uncursed ring of protection from fire {unknown}
Wands
 p - a wand of digging (5)
Scrolls
 c - a scroll of noise {unknown}
 e - 3 scrolls of amnesia {unknown}
 i - 2 scrolls of identify {unknown}
 j - 2 scrolls of remove curse {unknown}
Potions
 g - a potion of might
Comestibles
 b - 2 rations


   Skills:
 + Level 4.1 Fighting
 + Level 2.3 Armour
 + Level 3.7 Dodging
 - Level 1.7 Stealth
 - Level 2.6 Unarmed Combat


You had 4 spell levels left.
You didn't know any spells.
Your spell library was empty.

Dungeon Overview and Level Annotations

Branches:
Dungeon (3/15)

Altars:

Portals:
Sewer: D:3


Innate Abilities, Weirdness & Mutations

You sometimes gain power by taking damage.
You have a pair of small antennae on your head.
You possess an exceptional clarity of mind.
You are weak. (Str -2)


Message History

The orc wizard hits you with a +0 dagger.
* * * LOW HITPOINT WARNING * * *
It was a potion of brilliance.
You feel clever all of a sudden.
You feel less confused. The orc wizard barely misses you.
It was a potion of flight.
You feel very buoyant.
You fly up into the air.
The orc wizard hits you with a +0 dagger.
* * * LOW HITPOINT WARNING * * *
It was a potion of curing.
You feel better.
The orc wizard points at you and mumbles some strange words.
The magic dart hits you.
* * * LOW HITPOINT WARNING * * *
Okay, then.
You barely miss the orc wizard.
The orc wizard is moderately wounded.
The orc wizard casts a spell at you. The magic dart hits you.
You die...

#...<.......#
#......$....#
#...........#
#######.....###
#...>...#
#######o# #o#
#o# #@# #.# #..
###. .# #


You could see an orc wizard and 2 orcs.

Vanquished Creatures
  A hound (D:2)
  Terence (D:2)
  An adder (D:2)
  An ooze (D:2)
  2 worms (D:2)
  3 dart slugs
  A leopard gecko (D:3)
  2 orcs (D:3)
  11 bats
  4 giant cockroaches
  10 goblins
  5 hobgoblins
  A quokka (D:2)
  A ball python (D:2)
  3 frilled lizards
  8 kobolds
  5 rats
60 creatures vanquished.

Notes
Turn   | Place    | Note
-------+----------+-------------------------------------------
     0 | D:1      | Arixos the Demonspawn Monk began the quest for the Orb.
     0 | D:1      | Reached XP level 1. HP: 18/18 MP: 1/1
   225 | D:1      | Gained mutation: You sometimes gain a little power by
                  | taking damage. [demonic ancestry]
   225 | D:1      | Reached XP level 2. HP: 24/24 MP: 2/2
   597 | D:1      | Reached skill level 1 in Armour
  1177 | D:2      | Gained mutation: You sometimes gain power by taking damage.
                  | [demonic ancestry]
  1177 | D:2      | Reached XP level 3. HP: 24/29 MP: 3/3
  2003 | D:2      | Reached XP level 4. HP: 37/37 MP: 4/4
  2040 | D:2      | Reached skill level 4 in Fighting
  2150 | D:2      | Noticed Terence
  2185 | D:2      | Killed Terence
  2574 | D:3      | Reached XP level 5. HP: 42/42 MP: 5/5
  2577 | D:3      | Found a glowing drain.
  2641 | D:3      | Gained mutation: You possess an exceptional clarity of
                  | mind. [potion of mutation]
  2641 | D:3      | Gained mutation: You are weak. (Str -2) [potion of
                  | mutation]
  2641 | D:3      | Gained mutation: You have a pair of small antennae on your
                  | head. [potion of mutation]
  2641 | D:3      | HP: 2/42 [orc wizard/+0 dagger (2)]
  2645 | D:3      | Killed from afar by an orc wizard

Levels and vault maps discovered:
D:1:      dpeg_arrival_tiny_a, layout_rooms, serial_co_window_serial,
          co_window_of_opportunity_a, co_window_paths_a, co_window_corner_a,
          co_window_paths_a, co_window_paths_b, co_window_unsneaky_path_e,
          co_window_corner_cb, co_window_unsneaky_path_b, co_window_2corner,
          co_window_broadway_c, co_window_corner_b, co_window_2corner,
          glass_columns_a, glass_columns_c, glass_columns_c, glass_columns_c,
          minmay_misc_feat_diagonals
D:2:      minmay_diamond_boxcup, layout_basic,
          hangedman_abyss_or_decor_lesser_grid, uniq_terence
D:3:      layout_basic, grunt_temple_overflow_forces_of_nature,
          portal_sewer_entry_f, uniq_jessica, uniq_natasha

Skill      XL: |  1  2  3  4 |
---------------+-------------+-----
Dodging        | 3 |  3.7
Armour         | 1 2 |  2.3
Fighting       | 4 |  4.1
Stealth        | |  1.7
Unarmed Combat | |  2.6

Action                   |  1- 3 |  4- 6 || total
-------------------------+-------+-------++-------
Melee: Unarmed           |    18 |       ||    18
       Spear             |   153 |   113 ||   266
       Punch             |       |     1 ||     1
  Use: Potion            |       |     5 ||     5
 Stab: Sleeping          |     8 |     3 ||    11
  Eat: Chunk             |     4 |     2 ||     6
Armor: Robe              |    25 |    24 ||    49
Dodge: Dodged            |    91 |    65 ||   156

Table legend:
 A = Non-vault XP
 B = Vault XP
 C = Vault XP percentage of total XP
 D = Non-vault monster count
 E = Vault monster count
 F = Vault count percentage of total count
                 A         B        C        D         E       F
            +---------+---------+-------+---------+---------+-------
      Total |     147 |      61 |  29.3 |      50 |      10 |  16.7
            +---------+---------+-------+---------+---------+-------
        D:1 |      38 |       0 |   0.0 |      20 |       0 |   0.0
        D:2 |     101 |      56 |  35.7 |      27 |       8 |  22.9
        D:3 |       8 |       5 |  38.5 |       3 |       2 |  40.0
            +---------+---------+-------+---------+---------+-------
